 Dungeon Crawl Stone Soup version 0.28.0-43-g3370ac3207 (webtiles) character file.

Game seed: 2944216675710907438

9399 crimpus the Basher (level 11, -8/108 HPs)
             Began as a Minotaur Berserker on Mar 7, 2022.
             Was a Priest of Trog.
             Mangled by a storm dragon simulacrum (19 damage)
             ... on level 1 of the Abyss.
             The game lasted 00:20:02 (11854 turns).

crimpus the Basher (Minotaur Berserker)            Turns: 11854, Time: 00:20:02

Health: -8/108     AC: 27    Str: 32    XL:     11   Next: 22%
Magic:  10/10      EV: 10    Int:  4    God:    Trog [***...]
Gold:   531        SH:  0    Dex: 12    Spells: 10/10 levels left

rFire   . . .      SeeInvis .   g - +8 club
rCold   . . .      Faith    .   (no shield)
rNeg    . . .      Spirit   .   q - +5 plate armour
rPois   .          Reflect  .   (helmet restricted)
rElec   .          Harm     .   s - +0 cloak
rCorr   .          Rampage  .   b - +0 pair of gloves
Will    ++...                   v - +2 pair of boots {Stlth+}
Stlth   ..........              k - amulet of the acrobat
HPRegen 1.28/turn               p - +6 ring of strength
MPRegen 0.12/turn               (no ring)

@: strong-willed, on berserk cooldown, flying, regenerating
A: horns 2, retaliatory headbutt, agile 1, sense surroundings 1, robust 1
a: Renounce Religion, Berserk, Trog's Hand


You were on level 1 of the Abyss.
You worshipped Trog.
Trog was most pleased with you.
You visited 1 branch of the dungeon, and saw 11 of its levels.
You visited the Abyss 1 time.

You collected 531 gold pieces.

Inventory:

Hand Weapons
 a - a +0 mace
 g - a +8 club (weapon)
Missiles
 t - 2 throwing nets (quivered)
Armour
 b - a +0 pair of gloves (worn)
 j - an orb of wrath
 m - a +0 pair of boots
 q - a +5 plate armour (worn)
 s - a +0 cloak (worn)
 v - a +2 pair of boots of stealth (worn)
Jewellery
 k - an amulet of the acrobat (around neck)
 p - a +6 ring of strength (left hand)
Wands
 f - a wand of polymorph (1)
 h - a wand of flame (22)
 n - a wand of iceblast (4)
 w - a wand of charming (5)
 x - a wand of paralysis (3)
Scrolls
 c - 3 scrolls of teleportation
 d - 3 scrolls of identify
 i - 3 scrolls of fog
 l - 2 scrolls of blinking
 y - a scroll of fear
 z - a scroll of enchant weapon
Potions
 e - a potion of curing
 o - 2 potions of lignification
 r - a potion of attraction
 u - a potion of heal wounds


   Skills:
 + Level 10.1 Fighting
 + Level 13.8 Maces & Flails
 + Level 12.0 Armour
 + Level 5.8 Dodging


You had 10 spell levels left.
You didn't know any spells.
Your spell library was empty.

Dungeon Overview and Level Annotations

Branches:
Dungeon (11/15)            Temple (0/1) D:4            Lair (0/6) D:10
    Orc: D:9-12

Altars:
Cheibriados
Qazlal

Shops:
D:5 *

Annotations:
D:4 2 transporters, zeram's ghost, novice GrFi
D:10 Psyche


Innate Abilities, Weirdness & Mutations

You have a pair of horns on your head.
You reflexively headbutt those who attack you in melee.
You are agile. (Dex +2)
You passively map a small area around you.
You are robust. (+10% HP)


Message History

The large abomination hits you! The sun demon barely misses you.
You furiously retaliate!
You headbutt the sun demon!
It was a potion of flight.
You feel very buoyant.
You fly up into the air.
The large abomination closely misses you.
You furiously retaliate!
You headbutt the large abomination, but do no damage.
The sun demon closely misses you.
You hit the large abomination but do no damage.
You headbutt the large abomination!
The large abomination is heavily damaged.
The large abomination barely misses you.
The sun demon hits you.
You are engulfed in flames!
You hit the large abomination but do no damage.
The large abomination is heavily damaged.
You are suddenly pulled into a different region of the Abyss!
Found 18 stones and 37 gold pieces.
A storm dragon simulacrum and a fire bat come into view.
Unknown command.
You sock the fire bat!
The fire bat is moderately wounded.
The fire bat bites you but does no damage.
You sock the fire bat!
The fire bat is severely wounded.
The fire bat bites you but does no damage.
You sock the fire bat!
You kill the fire bat!
That felt strangely unrewarding.
You hit the storm dragon simulacrum.
You headbutt the storm dragon simulacrum, but do no damage.
You punch the storm dragon simulacrum.
The storm dragon simulacrum is moderately damaged.
The storm dragon simulacrum bites you.
The storm dragon simulacrum freezes you!!
* * * LOW HITPOINT WARNING * * *
The storm dragon simulacrum claws you.
* * * LOW HITPOINT WARNING * * *
The storm dragon simulacrum freezes you!!
You die...

#. ..
#.
##.
.. #.
#.###
§Z@§#
#####


You could see a storm dragon simulacrum.

Vanquished Creatures
  A death yak (D:9)
  A manticore (D:11)
  Joseph (D:7)
  Maggie (D:6)
  A komodo dragon (D:10)
  A hellwing (Abyss:1)
  A polar bear (D:9)
  2 hornets (D:9)
  Grinder (D:4)
  Prince Ribbit (D:5)
  A large abomination (Abyss:1)
  Sigmund (D:2)
  A fire bat (Abyss:1)
  16 yaks
  Menkaure (D:5)
  2 water moccasins
  2 ice beasts
  An orc warrior (D:8)
  2 hornet zombies
  A sky beast (D:5)
  A necrophage (D:4)
  A wolf (D:9)
  An ogre (D:6)
  2 centaurs
  3 bullfrogs
  A scorpion (D:6)
  Blork the orc (D:6)
  2 gnoll sergeants
  A water moccasin zombie (D:5)
  2 wyvern skeletons
  A water moccasin skeleton (D:5)
  6 killer bees (D:10)
  4 wights (D:6)
  A howler monkey (D:9)
  A bullfrog zombie (D:7)
  4 centaur zombies
  4 orc priests
  3 jellies
  Ijyb (D:5)
  4 bullfrog skeletons
  A centaur skeleton (D:5)
  3 iguanas
  5 orc wizards
  A killer bee zombie (D:8)
  3 centaur simulacra (D:9)
  2 howler monkey zombies
  9 gnolls
  12 adders
  2 howler monkey simulacra (D:9)
  3 white imps
  2 ufetubi
  4 worms
  3 dart slugs
  16 orcs
  4 endoplasms
  6 giant cockroaches
  8 goblins
  6 hobgoblins
  9 jackals
  A quokka (D:3)
  8 ball pythons
  4 bats
  2 frilled lizards (D:1)
  7 kobolds
  10 rats
214 creatures vanquished.

Vanquished Creatures (others)
  An endoplasm (D:3)
  2 plants (D:10)
3 creatures vanquished.

Grand Total: 217 creatures vanquished

Notes
Turn   | Place    | Note
-------+----------+-------------------------------------------
     0 | D:1      | crimpus the Minotaur Berserker began the quest for the Orb.
     0 | D:1      | Reached XP level 1. HP: 19/19 MP: 0/0
    16 | D:1      | HP: 1/20 [rat (3)]
   370 | D:1      | Noticed a shining eye
   371 | D:1      | Found a faded altar of an unknown god.
   386 | D:1      | Noticed a great orb of eyes
   389 | D:1      | Noticed an eye of devastation
   389 | D:1      | Noticed a golden eye
   410 | D:1      | Reached XP level 2. HP: 16/27 MP: 1/1
   605 | D:1      | Reached skill level 4 in Maces & Flails
   991 | D:1      | Reached XP level 3. HP: 33/33 MP: 2/2
  1306 | D:2      | Noticed Sigmund
  1319 | D:2      | Killed Sigmund
  1320 | D:2      | Reached skill level 5 in Maces & Flails
  1320 | D:2      | Reached XP level 4. HP: 25/41 MP: 3/3
  1320 | D:2      | Reached XP level 5. HP: 29/47 MP: 4/4
  1373 | D:2      | Reached ** piety under Trog
  1601 | D:2      | Reached skill level 5 in Fighting
  2200 | D:3      | Reached XP level 6. HP: 56/56 MP: 5/5
  2352 | D:3      | You fall into a shaft and drop 3 floors!
  2356 | D:6      | Reached skill level 6 in Maces & Flails
  2800 | D:5      | Entered Level 5 of the Dungeon
  2800 | D:5      | Noticed a water moccasin
  2802 | D:5      | Gained mutation: You are agile. (Dex +2) [potion of
                  | mutation]
  2802 | D:5      | Gained mutation: You passively map a small area around you.
                  | [potion of mutation]
  2802 | D:5      | Gained mutation: You are robust. (+10% HP) [potion of
                  | mutation]
  2809 | D:5      | Killed a water moccasin
  2810 | D:5      | Reached skill level 5 in Armour
  2856 | D:5      | Reached XP level 7. HP: 46/67 MP: 6/6
  3247 | D:5      | Reached skill level 7 in Maces & Flails
  3605 | D:4      | Noticed Ijyb
  3605 | D:4      | Noticed Menkaure
  3610 | D:5      | Killed Ijyb
  3640 | D:5      | Killed Menkaure
  3641 | D:5      | Reached skill level 8 in Maces & Flails
  3972 | D:4      | Found a staircase to the Ecumenical Temple.
  4041 | D:4      | Reached XP level 8. HP: 75/77 MP: 7/7
  5044 | D:4      | Noticed Grinder
  5061 | D:4      | Killed Grinder
  5067 | D:4      | Reached skill level 9 in Maces & Flails
  5226 | D:4      | Found a transporter.
  5229 | D:4      | Noticed zeram's ghost (novice GrFi)
  5237 | D:4      | Found a transporter.
  5469 | D:5      | Found Afado's General Store.
  5644 | D:5      | Noticed Prince Ribbit
  5653 | D:5      | Killed Prince Ribbit
  5925 | D:6      | Noticed Maggie
  5946 | D:6      | Killed Maggie
  5952 | D:6      | Reached XP level 9. HP: 85/85 MP: 8/8
  6036 | D:6      | Found a stormy altar of Qazlal.
  6450 | D:6      | Noticed Blork the orc
  6457 | D:6      | Killed Blork the orc
  6458 | D:6      | Reached skill level 10 in Maces & Flails
  7188 | D:6      | Found a snail-covered altar of Cheibriados.
  7436 | D:7      | Noticed Joseph
  7451 | D:7      | Killed Joseph
  7452 | D:7      | Reached skill level 5 in Dodging
  8017 | D:7      | Reached skill level 11 in Maces & Flails
  8437 | D:8      | Reached XP level 10. HP: 99/99 MP: 9/9
  8530 | D:8      | Reached skill level 10 in Armour
  8580 | D:8      | Reached *** piety under Trog
  8880 | D:8      | You fall into a shaft and drop 3 floors!
  8890 | D:11     | Reached skill level 12 in Maces & Flails
  8967 | D:11     | Noticed a manticore
  8985 | D:11     | Killed a manticore
  9568 | D:10     | Entered Level 10 of the Dungeon
  9657 | D:9      | Reached skill level 13 in Maces & Flails
  9744 | D:9      | Noticed a death yak
 10227 | D:9      | Killed a death yak
 10228 | D:9      | Reached XP level 11. HP: 108/108 MP: 10/10
 10847 | D:9      | Reached skill level 10 in Fighting
 11545 | D:10     | Found a staircase to the Lair.
 11648 | D:10     | Noticed Psyche
 11651 | D:10     | Cast into level 1 of the Abyss (Psyche)
 11701 | Abyss:1  | Identified a scroll of acquirement
 11702 | Abyss:1  | Acquired a +2 pair of boots of stealth
 11837 | Abyss:1  | Noticed a sun demon
 11854 | Abyss:1  | Mangled by a storm dragon simulacrum

Illustrated notes

Levels and vault maps discovered:
D:1:      minmay_arrival_glassed_features, layout_loops_ring,
          hellmonk_ecumenical_altar_watching_god
D:2:      layout_rooms, supply_closet_lemuel, uniq_sigmund
D:3:      wander_river, layout_rooms, nicolae_elevator_lobby_asterisk
D:4:      layout_rooms, minmay_temple_entry_junction_2, gammafunk_ghost_arena,
          corexii_leaking_fountain, moated_statue, uniq_ijyb, uniq_grinder,
          uniq_menkaure
D:5:      layout_loops_ring, serial_shops, nicolae_shop_window_shopping,
          uniq_prince_ribbit1
D:6:      layout_loops_ring, grunt_qazlal_clouds, slow_altar_2,
          uniq_blork_the_orc, uniq_maggie
D:7:      layout_rooms, kennysheep_generic_room_14, uniq_joseph
D:8:      layout_rooms
D:9:      layout_small_grid, serial_ice, serial_ice_i, serial_ice_o,
          serial_ice_h, serial_ice_m, st_stairs_9
D:10:     layout_layer_cave, david_lair_shrubbed, kennysheep_another_room,
          uniq_psyche
D:11:     layout_loops_ring, david_orc_3, introduction_to_nature_2
Abyss:1:  base: Temple, hangedman_cross_veins

Skill      XL: |  1  2  3  4  5  6  7  8  9 10 11 |
---------------+----------------------------------+-----
Fighting       | 4 5 6 8 9 10 | 10.1
Maces & Flails | 4 5 6 8 9 11 13 | 13.8
Armour         | 3 4 5 6 8 9 11 12 | 12.0
Dodging        | 3 4 5 |  5.8

Action                   |  1- 3 |  4- 6 |  7- 9 | 10-12 || total
-------------------------+-------+-------+-------+-------++-------
Melee: Mace              |    77 |    48 |    42 |       ||   167
       Headbutt          |    10 |     8 |    40 |    53 ||   111
       Club              |       |       |   234 |   255 ||   489
       Punch             |       |       |     2 |     3 ||     5
Invok: Berserk           |     4 |     1 |    10 |    10 ||    25
       Trog's Hand       |       |       |       |     1 ||     1
  Use: Scroll            |     2 |     2 |     4 |     4 ||    12
       Potion            |       |     1 |     6 |     1 ||     8
 Stab: Invisible         |       |       |     2 |       ||     2
Armor: Chain mail        |    48 |    25 |       |       ||    73
       Animal skin       |     7 |       |       |       ||     7
       Scale mail        |       |     3 |    75 |       ||    78
       Plate armour      |       |       |    13 |   147 ||   160
       Skin              |       |       |     2 |       ||     2
Dodge: Dodged            |    48 |    32 |   152 |   142 ||   374
